[Event "12th National Amateur Chess-ch 2025"]
[Site "Bihar"]
[Date "2025.03.29"]
[Round "8.2"]
[White "Utkrisht Tuli"]
[Black "Vidit Sethi"]
[Result "1-0"]
[Annotator "RC"]
[ECO "D14"]
[WhiteElo "2020"]
[BlackElo "1832"]
[PlyCount "116"]
[EventDate "2025.03.25"]
[EventCountry "IND"]
[SourceTitle "playchess.com"]
[Source "ChessBase"]
[SourceQuality "1"]
[TimeControl "5400+30"]

1. d4 d5 2. c4 c6 3. Nf3 Nf6 4. cxd5 cxd5 5. Nc3 Nc6 6. Bf4 Bf5 7. Qb3 Na5 8. Qa4+ Bd7 9. Qc2 e6 10. e3 Rc8 11. Bd3 Nc4 12. O-O Bb4 13. Rac1 O-O 14. Qb1 h6 15. h3 Qa5 16. Bxc4 Rxc4 17. Ne5 Rcc8 18. Nxd7 Nxd7 19. Ne2 Qb5 20. Rc2 Rc4 21. Rfc1 Rfc8 22. b3 R4c6 23. Rxc6 Rxc6 24. Rxc6 Qxc6 25. Qc1 Be7 26. Qxc6 bxc6 27. Kf1 c5 28. Bc7 Kf8 29. Ke1 Ke8 30. Kd2 Bd8 31. Bxd8 Kxd8 32. Nf4 Kc7 33. Nd3 cxd4 34. exd4 Kd6 35. f3 f6 36. a3 g5 37. g3 e5 38. Ke3 a5 39. Nf2 h5 40. Nd3 h4 41. gxh4 gxh4 42. f4 exd4+ 43. Kxd4 Nb8 44. Ne1 Nc6+ 45. Kd3 Nd8 46. Nf3 Ne6 47. Ke3 Kc5 48. Nxh4 d4+ 49. Ke4 d3 50. Nf3 f5+ 51. Ke3 a4 52. bxa4 Nc7 53. Ne5 d2 54. Kxd2 Kd4 55. Nd3 Ne8 56. h4 Nf6 57. a5 Ne4+ 58. Kc2 Kd5 1-0

[Event "12th National Amateur Chess-ch 2025"]
[Site "Bihar"]
[Date "2025.03.29"]
[Round "8.3"]
[White "Sham R"]
[Black "Reyan"]
[Result "1-0"]
[Annotator "RC"]
[ECO "B87"]
[WhiteElo "2128"]
[BlackElo "2005"]
[PlyCount "153"]
[EventDate "2025.03.25"]
[EventCountry "IND"]
[SourceTitle "playchess.com"]
[Source "ChessBase"]
[SourceQuality "1"]
[TimeControl "5400+30"]

1. e4 c5 2. Nf3 d6 3. d4 cxd4 4. Nxd4 Nf6 5. Nc3 a6 6. Bc4 e6 7. Be3 b5 8. Bb3 Be7 9. Qe2 O-O 10. O-O-O Bd7 11. a3 b4 12. axb4 a5 13. b5 a4 14. Bc4 Qa5 15. Kb1 Rc8 16. Bd2 Qc7 17. Ba2 a3 18. Bc1 axb2 19. Bxb2 Qa5 20. Nb3 Qa7 21. Nc1 Ne8 22. Bb3 Bf6 23. Na4 Bxb2 24. Kxb2 d5 25. exd5 Nd6 26. b6 Qa5 27. dxe6 Bxa4 28. exf7+ Kh8 29. Qe7 Qc3+ 30. Kb1 Bxb3 31. f8=Q+ Rxf8 32. Nxb3 Rc8 33. Rd2 Ra1+ 34. Nxa1 Qxd2 35. Qe3 Qb4+ 36. Qb3 Qc5 37. Rd1 h6 38. Rd5 Qc6 39. Qd3 Qxb6+ 40. Nb3 Nc4 41. Qd4 Na3+ 42. Kb2 Qxd4+ 43. Nxd4 Nc4+ 44. Kb3 Nd2+ 45. Kb4 Na6+ 46. Ka5 Nc7 47. Rd7 Nc4+ 48. Kb4 Nb6 49. Rd6 Nbd5+ 50. Kc5 Nf6 51. Rc6 Na6+ 52. Kb6 Nd5+ 53. Kxa6 Nb4+ 54. Kb5 Nxc6 55. Nxc6 Rf8 56. f3 Rf5+ 57. Kb6 Rh5 58. h3 Rd5 59. c4 Rd2 60. g4 Rd3 61. Ne5 Re3 62. f4 g5 63. c5 Rb3+ 64. Ka6 Rxh3 65. fxg5 hxg5 66. c6 Ra3+ 67. Kb6 Rb3+ 68. Kc5 Rb8 69. c7 Ra8 70. Kd6 Kg7 71. Kd7 Kf6 72. Nf3 Ra7 73. Kd8 Ra3 74. c8=Q Rd3+ 75. Ke8 Re3+ 76. Kf8 Re4 77. Qf5# 1-0

[Event "12th National Amateur Chess-ch 2025"]
[Site "Bihar"]
[Date "2025.03.29"]
[Round "8.4"]
[White "Daksh Goyal"]
[Black "Arhan Jain"]
[Result "1/2-1/2"]
[Annotator "RC"]
[ECO "E05"]
[WhiteElo "2079"]
[BlackElo "1914"]
[PlyCount "176"]
[EventDate "2025.03.25"]
[EventCountry "IND"]
[SourceTitle "playchess.com"]
[Source "ChessBase"]
[SourceQuality "1"]
[TimeControl "5400+30"]

1. Nf3 d5 2. g3 Nf6 3. Bg2 e6 4. d4 Be7 5. O-O O-O 6. c4 dxc4 7. Ne5 Nc6 8. Bxc6 bxc6 9. Nxc6 Qe8 10. Nxe7+ Qxe7 11. Qa4 e5 12. dxe5 Qxe5 13. Qxc4 Be6 14. Qd3 Rfd8 15. Qe3 Qh5 16. f3 Re8 17. Qg5 Bc4 18. Qxh5 Nxh5 19. Nc3 Bxe2 20. Rf2 Bc4 21. Bd2 c6 22. b3 Bd5 23. Rc1 Rac8 24. Nxd5 cxd5 25. Rxc8 Rxc8 26. Be3 a6 27. g4 Nf6 28. g5 Ne8 29. Rd2 Rd8 30. Bb6 Rd6 31. Bc5 Rd8 32. Rd4 f6 33. gxf6 gxf6 34. Kf2 Kf7 35. Rh4 Rc8 36. b4 Kg6 37. Rg4+ Kf7 38. Rh4 Kg6 39. Rd4 Rd8 40. Rd3 Nc7 41. Ra3 Rd7 42. Bb6 d4 43. Bxc7 Rxc7 44. Rxa6 Rc2+ 45. Kg3 d3 46. Rd6 Rxa2 47. Rxd3 Rb2 48. Rd4 h5 49. Rc4 Rb1 50. h3 Rb2 51. Rf4 Kg5 52. Re4 Kf5 53. Rh4 Kg5 54. Rd4 Kg6 55. Kf4 Rh2 56. b5 Rb2 57. Rd5 Rb4+ 58. Ke3 Rb3+ 59. Ke4 h4 60. Rc5 Kf7 61. Kf4 Rb4+ 62. Kf5 Ke7 63. Rc7+ Kd6 64. Rc6+ Kd7 65. Rb6 Rb3 66. Kg4 Ke7 67. f4 Rb4 68. Kf5 Rb3 69. Re6+ Kd7 70. Rxf6 Rxh3 71. Rh6 Rb3 72. Rh7+ Ke8 73. Ke6 Kf8 74. Rh5 h3 75. Kd6 h2 76. Kc6 Rc3+ 77. Kb6 Rc2 78. Ka5 Kf7 79. b6 Rc5+ 80. Rxc5 h1=Q 81. f5 Qa8+ 82. Kb5 Ke7 83. Rc7+ Kd6 84. f6 Qd5+ 85. Ka6 Qd3+ 86. Ka7 Qa3+ 87. Kb8 Qb2 88. Kb7 Qg2+ 1/2-1/2

[Event "12th National Amateur Chess-ch 2025"]
[Site "Bihar"]
[Date "2025.03.29"]
[Round "8.5"]
[White "Archisman Patra"]
[Black "Aman Balana"]
[Result "1-0"]
[Annotator "NA RC"]
[ECO "B22"]
[WhiteElo "1791"]
[BlackElo "1827"]
[PlyCount "82"]
[EventDate "2025.03.25"]
[EventCountry "IND"]
[SourceTitle "playchess.com"]
[Source "ChessBase"]
[SourceQuality "1"]
[TimeControl "5400+30"]

1. e4 c5 2. c3 Nf6 3. e5 Nd5 4. Nf3 d6 5. exd6 e6 6. g3 Bxd6 7. Bg2 O-O 8. O-O Nc6 9. d4 h6 10. b3 cxd4 11. Nxd4 Qf6 12. Nxc6 bxc6 13. Bb2 Rd8 14. Qe2 Qe7 15. c4 Ba6 16. Nc3 Nxc3 17. Bxc3 Rac8 18. Qg4 Qg5 19. Qxg5 hxg5 20. Rad1 Kf8 21. Ba5 Bc7 22. Bb4+ Kg8 23. Bxc6 Bb6 24. Bf3 f5 25. g4 g6 26. Be7 Re8 27. Bxg5 e5 28. Rd6 e4 29. Be2 Kh7 30. Rfd1 Rc7 31. gxf5 gxf5 32. Rh6+ Kg8 33. Bf6 Rh7 34. Rxh7 Kxh7 35. Bg5 Rg8 36. h4 Bc8 37. Rd6 f4 38. Bh5 e3 39. fxe3 fxe3 40. Kf1 Bf5 41. Ke2 Rf8 1-0

[Event "12th National Amateur Chess-ch 2025"]
[Site "Bihar"]
[Date "2025.03.29"]
[Round "8.6"]
[White "Pradeep Tiwari"]
[Black "Srikanth, K.."]
[Result "1/2-1/2"]
[Annotator "RC"]
[ECO "A81"]
[WhiteElo "1979"]
[BlackElo "1831"]
[PlyCount "62"]
[EventDate "2025.03.25"]
[EventCountry "IND"]
[SourceTitle "playchess.com"]
[Source "ChessBase"]
[SourceQuality "1"]
[TimeControl "5400+30"]

1. Nf3 f5 2. d4 Nf6 3. g3 g6 4. Bg2 Bg7 5. O-O c5 6. c4 O-O 7. Nc3 cxd4 8. Nxd4 Nc6 9. Nxc6 dxc6 10. e4 Be6 11. Qe2 Qe8 12. exf5 Bxf5 13. Bf4 Rd8 14. Rfd1 Qf7 15. h3 Qe6 16. Qxe6+ Bxe6 17. c5 Nd5 18. Nxd5 Bxd5 19. Bxd5+ Rxd5 20. Rxd5 cxd5 21. Re1 Kf7 22. Be5 Bxe5 23. Rxe5 e6 24. b4 Ke7 25. Re2 Kd7 26. f4 a6 27. Kg2 Re8 28. Kf3 Ke7 29. Ke3 Kf6 30. Kd4 Rc8 31. a3 h5 1/2-1/2

[Event "12th National Amateur Chess-ch 2025"]
[Site "Bihar"]
[Date "2025.03.29"]
[Round "8.7"]
[White "Shejal Sahil Sanjay"]
[Black "Gurung Rohit"]
[Result "0-1"]
[Annotator "RC"]
[ECO "A01"]
[WhiteElo "1864"]
[BlackElo "1902"]
[PlyCount "52"]
[EventDate "2025.03.25"]
[EventCountry "IND"]
[SourceTitle "playchess.com"]
[Source "ChessBase"]
[SourceQuality "1"]
[TimeControl "5400+30"]

1. b3 e5 2. Bb2 Nc6 3. c4 Nf6 4. e3 a6 5. a3 d5 6. d4 exd4 7. exd4 Qe7+ 8. Be2 Bg4 9. Nd2 O-O-O 10. Ngf3 Re8 11. Kf1 Nd8 12. h3 Bf5 13. Ne5 Ne4 14. Nxe4 Bxe4 15. Bg4+ f5 16. Be2 dxc4 17. bxc4 Nc6 18. f3 Nxe5 19. fxe4 Nd7 20. exf5 Qg5 21. Qc2 Bd6 22. c5 Bg3 23. c6 Qe3 24. cxd7+ Kxd7 25. Bb5+ axb5 26. Bc3 Re4 0-1

[Event "12th National Amateur Chess-ch 2025"]
[Site "Bihar"]
[Date "2025.03.29"]
[Round "8.8"]
[White "Rupesh B Ramchandra"]
[Black "Ayushman Mohanty"]
[Result "0-1"]
[Annotator "NA RC"]
[ECO "D35"]
[WhiteElo "1859"]
[BlackElo "1827"]
[PlyCount "98"]
[EventDate "2025.03.25"]
[EventCountry "IND"]
[SourceTitle "playchess.com"]
[Source "ChessBase"]
[SourceQuality "1"]
[TimeControl "5400+30"]

1. d4 d5 2. c4 e6 3. Nc3 Nf6 4. cxd5 exd5 5. Bg5 Be7 6. e3 c6 7. Bd3 Nbd7 8. Nf3 h6 9. Bh4 Ne4 10. Bxe7 Qxe7 11. Qc2 f5 12. O-O O-O 13. Rab1 a5 14. Rfe1 Qd6 15. Nd2 Ndf6 16. f3 Nxd2 17. Qxd2 Bd7 18. Na4 Qc7 19. Qc2 f4 20. e4 dxe4 21. fxe4 Ng4 22. e5 Be6 23. Bc4 Bxc4 24. Qxc4+ Kh8 25. Qc3 Ne3 26. Re2 Qd7 27. Rd2 Qg4 28. Nc5 Rf5 29. Nxb7 Qg6 30. Qd3 Qe6 31. Nd6 Rg5 32. Qb3 Nd5 33. Rf1 Rf8 34. Rdf2 Qg6 35. Qf3 Qe6 36. Rc1 Qd7 37. Kh1 Rg6 38. b3 Kg8 39. Rc5 a4 40. Qd3 Qg4 41. Rc1 Ne3 42. Qe2 Qh4 43. h3 Rg3 44. Ne4 f3 45. gxf3 Rxh3+ 46. Rh2 Rfxf3 47. e6 Rxh2+ 48. Qxh2 Rh3 49. Nf6+ gxf6 0-1

[Event "12th National Amateur Chess-ch 2025"]
[Site "Bihar"]
[Date "2025.03.29"]
[Round "8.9"]
[White "Devansh Keshri"]
[Black "Gadge Vedant"]
[Result "0-1"]
[Annotator "NA RC"]
[ECO "B08"]
[WhiteElo "1633"]
[BlackElo "1667"]
[PlyCount "164"]
[EventDate "2025.03.25"]
[EventCountry "IND"]
[SourceTitle "playchess.com"]
[Source "ChessBase"]
[SourceQuality "1"]
[TimeControl "5400+30"]

1. e4 g6 2. d4 Bg7 3. Nf3 d6 4. Nc3 Nf6 5. Bc4 O-O 6. O-O Nc6 7. d5 Nb8 8. Bf4 h6 9. h3 Nh5 10. Be3 Nd7 11. Re1 Ne5 12. Be2 Nxf3+ 13. Bxf3 Nf6 14. Qd2 Kh7 15. Rad1 Nd7 16. Bd4 Ne5 17. Be2 c5 18. dxc6 bxc6 19. f4 Nd7 20. Kh1 Bxd4 21. Qxd4 Qb6 22. Qxb6 axb6 23. Bf3 Nc5 24. a3 Kg7 25. Kg1 g5 26. e5 d5 27. fxg5 hxg5 28. Ne2 Bb7 29. Nd4 e6 30. Rd2 Rfc8 31. Rf2 Rc7 32. Kh2 Ba6 33. Ne2 Rh8 34. Ng3 Kg6 35. Bg4 Nd7 36. c3 c5 37. Bd1 Bb5 38. Bc2+ Kg7 39. Bd1 Kf8 40. Nh5 Bd3 41. Nf6 Nxf6 42. Rxf6 Bf5 43. g4 Bg6 44. Ref1 Ke8 45. Ba4+ Kd8 46. Rd1 Kc8 47. Rd2 Kb7 48. Bd1 Rcc8 49. Be2 Rcd8 50. Bd3 Bxd3 51. Rxf7+ Kc6 52. Rxd3 Rdf8 53. Rxf8 Rxf8 54. Kg2 Rf4 55. Re3 d4 56. cxd4 cxd4 57. Rd3 Kd5 58. Rb3 Kc5 59. a4 Kc4 60. Rxb6 Kd3 61. a5 Ke2 62. Rxe6 d3 63. Rd6 Ra4 64. Rd5 d2 65. e6 d1=Q 66. Rxd1 Kxd1 67. e7 Re4 68. b4 Rxe7 69. a6 Re2+ 70. Kf3 Rb2 71. a7 Ra2 72. Ke4 Rxa7 73. Kf5 Rg7 74. b5 Ke2 75. b6 Kf3 76. b7 Rxb7 77. Kxg5 Kg3 78. Kf6 Kh4 79. Kg6 Rb3 80. Kf5 Rf3+ 81. Kg6 Rxh3 82. g5 Rg3 0-1

[Event "12th National Amateur Chess-ch 2025"]
[Site "Bihar"]
[Date "2025.03.29"]
[Round "8.10"]
[White "Aole Sangharsh"]
[Black "Raj Aryan"]
[Result "1-0"]
[Annotator "NA RC"]
[ECO "A49"]
[WhiteElo "1664"]
[BlackElo "1630"]
[PlyCount "83"]
[EventDate "2025.03.25"]
[EventCountry "IND"]
[SourceTitle "playchess.com"]
[Source "ChessBase"]
[SourceQuality "1"]
[TimeControl "5400+30"]

1. Nf3 d5 2. g3 Nf6 3. Bg2 g6 4. d3 Bg7 5. Nbd2 Nbd7 6. O-O O-O 7. e4 dxe4 8. dxe4 e5 9. Qe2 a5 10. Nc4 Qe7 11. b3 b5 12. Ba3 c5 13. Ncd2 Ba6 14. c4 b4 15. Bb2 Ra7 16. Rfe1 Bb7 17. a3 Rfa8 18. a4 Ne8 19. Rad1 Nc7 20. Nf1 Ne6 21. Qd3 Nd4 22. Ne3 Nf6 23. Nd5 Nxd5 24. exd5 Qd6 25. Ng5 Bc8 26. Ne4 Qf8 27. f4 f5 28. Ng5 e4 29. Qb1 h6 30. Nh3 Rc7 31. Kh1 Bb7 32. Ng1 Kf7 33. Ne2 Qh8 34. g4 Re8 35. gxf5 gxf5 36. Ng3 Kg6 37. Bh3 Bc8 38. Rg1 Nf3 39. Nxf5+ Nxg1 40. Rxg1+ Kh7 41. Bxg7 Qg8 42. Be5 1-0

[Event "12th National Amateur Chess-ch 2025"]
[Site "Bihar"]
[Date "2025.03.29"]
[Round "8.11"]
[White "Avyay Sharma"]
[Black "Prashant Kumar Singh"]
[Result "0-1"]
[Annotator "NA RC"]
[ECO "C01"]
[WhiteElo "1586"]
[BlackElo "1651"]
[PlyCount "80"]
[EventDate "2025.03.25"]
[EventCountry "IND"]
[SourceTitle "playchess.com"]
[Source "ChessBase"]
[SourceQuality "1"]
[TimeControl "5400+30"]

1. e4 e6 2. d4 d5 3. exd5 exd5 4. c4 Nf6 5. Nc3 Bb4 6. Bd3 dxc4 7. Bxc4 O-O 8. Nge2 Bg4 9. f3 Bf5 10. O-O Nbd7 11. Bg5 h6 12. Bh4 c5 13. Ng3 Bh7 14. Bxf6 Nxf6 15. d5 Bxc3 16. bxc3 Qa5 17. Qb3 h5 18. Rfe1 Rab8 19. a4 h4 20. Ne4 Qd8 21. Re2 h3 22. g3 a6 23. Rae1 Nxe4 24. fxe4 b5 25. axb5 axb5 26. e5 bxc4 27. Qxc4 Qe7 28. Qg4 Rb6 29. Qxh3 Bd3 30. Re3 c4 31. Qg2 Qc5 32. Kh1 Rfb8 33. d6 Bf5 34. Qf2 Be6 35. Qc2 Rb2 36. Qa4 Qd5+ 37. Re4 Rb1 38. Kg1 Qxe4 39. Rxb1 Rxb1+ 40. Kf2 Rb2+ 0-1

[Event "12th National Amateur Chess-ch 2025"]
[Site "Bihar"]
[Date "2025.03.29"]
[Round "8.12"]
[White "Akash Srivastav"]
[Black "Vamsi Krishna, R."]
[Result "0-1"]
[Annotator "NA RC"]
[ECO "B01"]
[WhiteElo "1689"]
[BlackElo "1620"]
[PlyCount "94"]
[EventDate "2025.03.25"]
[EventCountry "IND"]
[SourceTitle "playchess.com"]
[Source "ChessBase"]
[SourceQuality "1"]
[TimeControl "5400+30"]

1. e4 d5 2. exd5 Qxd5 3. Nc3 Qd6 4. d4 Bf5 5. Qf3 Bc8 6. Nb5 Qd8 7. Bf4 Na6 8. O-O-O c6 9. Nc3 Nf6 10. Bxa6 Bg4 11. Qg3 bxa6 12. f3 Be6 13. Bc7 Qd7 14. Nge2 g6 15. Be5 Bg7 16. Nf4 O-O 17. h4 h5 18. Qf2 Nd5 19. Nfxd5 cxd5 20. g4 Bh6+ 21. Kb1 f6 22. g5 fxg5 23. Qe3 Kh7 24. hxg5 Bg7 25. Bxg7 Kxg7 26. Rde1 Kf7 27. Qe5 Qd6 28. Qxd6 exd6 29. Rh4 Rae8 30. Kc1 Kg7 31. f4 Bf5 32. Rxe8 Rxe8 33. Nxd5 Re2 34. Nb4 a5 35. Nd3 Bxd3 36. cxd3 Rf2 37. d5 Kf7 38. a4 Ke7 39. d4 Kf7 40. b3 Re2 41. f5 Rf2 42. fxg6+ Kxg6 43. Kd1 Kxg5 44. Re4 h4 45. Ke1 Rf4 46. Re3 Kf5 47. Re7 Re4+ 0-1

[Event "12th National Amateur Chess-ch 2025"]
[Site "Bihar"]
[Date "2025.03.29"]
[Round "8.13"]
[White "Lakshanaa R"]
[Black "Bristy Mukherjee"]
[Result "0-1"]
[Annotator "RC"]
[ECO "A52"]
[WhiteElo "1748"]
[BlackElo "1985"]
[PlyCount "116"]
[EventDate "2025.03.25"]
[EventCountry "IND"]
[SourceTitle "playchess.com"]
[Source "ChessBase"]
[SourceQuality "1"]
[TimeControl "5400+30"]

1. d4 Nf6 2. c4 e5 3. dxe5 Ng4 4. Nf3 Bc5 5. e3 Nc6 6. Nc3 O-O 7. Bd3 Re8 8. O-O Ncxe5 9. Be2 Nxf3+ 10. Bxf3 Ne5 11. Ne4 Nxf3+ 12. Qxf3 Bf8 13. b3 a5 14. Bb2 Ra6 15. Rfd1 Rg6 16. Ng3 d6 17. Rd4 Be7 18. Rf4 Bg5 19. Re4 b6 20. Rd1 Bd7 21. Rxe8+ Qxe8 22. Qe4 Qxe4 23. Nxe4 Bc6 24. Ng3 h5 25. Nxh5 Bxe3 26. Ng3 Bc5 27. Bd4 Bb4 28. f3 Re6 29. Kf2 b5 30. cxb5 Bxb5 31. Rc1 c5 32. Bc3 Ba3 33. Rb1 Bd3 34. Rd1 c4 35. Bd4 c3 36. Rxd3 c2 37. Rc3 c1=Q 38. Rxc1 Bxc1 39. Ne4 d5 40. Nc5 Rc6 41. a4 Ba3 42. Nd3 Rc2+ 43. Kg3 Rd2 44. Bc5 Rxd3 45. Bxa3 Rxb3 46. Bc5 Rb2 47. Kf4 f6 48. Ke3 Rxg2 49. Bd6 Kf7 50. Bc7 Ra2 51. Bxa5 Rxa4 52. Bb6 Ke6 53. f4 Kf5 54. Bc7 Ra2 55. Kd4 Rd2+ 56. Kc5 Rc2+ 57. Kd6 Rxc7 58. Kxc7 d4 0-1

[Event "12th National Amateur Chess-ch 2025"]
[Site "Bihar"]
[Date "2025.03.29"]
[Round "8.14"]
[White "Arushi Severin Helen D Silva"]
[Black "Marium Fatima"]
[Result "0-1"]
[Annotator "NA RC"]
[ECO "D02"]
[WhiteElo "1746"]
[BlackElo "1881"]
[PlyCount "160"]
[EventDate "2025.03.25"]
[EventCountry "IND"]
[SourceTitle "playchess.com"]
[Source "ChessBase"]
[SourceQuality "1"]
[TimeControl "5400+30"]

1. d4 d5 2. Nf3 Nf6 3. Bf4 c5 4. e3 Nc6 5. Nbd2 Bf5 6. dxc5 Nd7 7. Bb5 Nxc5 8. O-O Rc8 9. Be5 Nd7 10. Bc3 e6 11. Re1 Nf6 12. h3 Be7 13. Be5 O-O 14. c3 Nxe5 15. Nxe5 Bd6 16. Nef3 h6 17. Be2 Bb8 18. Qb3 Qc7 19. Nf1 Ne4 20. Rac1 Nc5 21. Qa3 Qb6 22. Nd4 Bg6 23. Nb3 Nd3 24. Bxd3 Bxd3 25. Nbd2 Rfd8 26. Qb3 Qc7 27. Qd1 Rd6 28. Nf3 Bc4 29. Ra1 Ra6 30. a3 Rb6 31. Qc1 Bd3 32. Qd2 Be4 33. Nd4 Qe7 34. Ne2 Qe8 35. Nfg3 Bh7 36. a4 a5 37. Nf1 Rc4 38. f3 Rxa4 39. Nd4 Be5 40. Ne2 Qb5 41. Rxa4 Qxa4 42. e4 Rd6 43. exd5 Rxd5 44. Qe3 Bd3 45. Nc1 Bxf1 46. Kxf1 Bf4 47. Qe4 Qxe4 48. fxe4 Rd2 49. Ne2 Be5 50. Ra1 b6 51. Ra2 Kf8 52. Ke1 Rd3 53. Kf2 Ke7 54. Ra3 Kd6 55. g3 Kc6 56. g4 Rxh3 57. Ra1 Rd3 58. Ra4 Rd2 59. b4 Kb5 60. Ra3 axb4 61. cxb4 Rd7 62. Ke3 Kxb4 63. Ra2 b5 64. Rc2 Rc7 65. Rd2 Ka4 66. Rd1 b4 67. Nc1 b3 68. Nd3 f6 69. Kd2 Rc2+ 70. Ke3 b2 71. Rf1 Kb3 72. Rd1 Bd6 73. e5 Bxe5 74. Rf1 Bd6 75. Kd4 Ka2 76. Nxb2 Kxb2 77. Rf3 Bc5+ 78. Ke4 Rc4+ 79. Kd3 Rc3+ 80. Ke2 Rxf3 0-1

[Event "12th National Amateur Chess-ch 2025"]
[Site "Bihar"]
[Date "2025.03.29"]
[Round "8.15"]
[White "Chinnam Vyshnavi"]
[Black "Theephigaa K P"]
[Result "1-0"]
[Annotator "NA RC"]
[ECO "C78"]
[WhiteElo "1793"]
[BlackElo "1792"]
[PlyCount "83"]
[EventDate "2025.03.25"]
[EventCountry "IND"]
[SourceTitle "playchess.com"]
[Source "ChessBase"]
[SourceQuality "1"]
[TimeControl "5400+30"]

1. e4 e5 2. Nf3 Nc6 3. Bb5 a6 4. Ba4 Nf6 5. O-O b5 6. Bb3 Bc5 7. c3 d6 8. d4 Bb6 9. a4 Rb8 10. a5 Ba7 11. h3 O-O 12. Be3 Ra8 13. Nbd2 Re8 14. Ng5 Rf8 15. Ngf3 Re8 16. Ng5 Rf8 17. Ndf3 Qe7 18. dxe5 dxe5 19. Nh4 Bd7 20. Qf3 Nd8 21. Rad1 c5 22. Bd5 Nxd5 23. exd5 Rc8 24. Nf5 Qf6 25. g4 Bxf5 26. gxf5 g6 27. Ne4 Qxf5 28. Qxf5 gxf5 29. Nd6 Rc7 30. Bh6 f4 31. Kh2 f6 32. Rg1+ Kh8 33. Bxf8 Rd7 34. Nf5 Nf7 35. Bg7+ Kg8 36. Bxf6+ Kf8 37. Rg7 Rb7 38. Nh6 Ke8 39. Rg8+ Kd7 40. Nxf7 c4 41. Rd8+ Kc7 42. Bxe5# 1-0

[Event "12th National Amateur Chess-ch 2025"]
[Site "Bihar"]
[Date "2025.03.29"]
[Round "8.16"]
[White "Arpita Patankar"]
[Black "Nivedita V C"]
[Result "0-1"]
[Annotator "RC"]
[ECO "E65"]
[WhiteElo "1750"]
[BlackElo "1950"]
[PlyCount "54"]
[EventDate "2025.03.25"]
[EventCountry "IND"]
[SourceTitle "playchess.com"]
[Source "ChessBase"]
[SourceQuality "1"]
[TimeControl "5400+30"]

1. d4 Nf6 2. c4 g6 3. g3 Bg7 4. Bg2 O-O 5. Nc3 d6 6. Nf3 Nbd7 7. O-O c5 8. d5 a6 9. Bf4 Nh5 10. Bg5 b5 11. g4 Nhf6 12. cxb5 Nxg4 13. bxa6 Bxa6 14. Qc2 Nge5 15. Nxe5 Nxe5 16. b3 h6 17. Bc1 Qa5 18. Bb2 Rfc8 19. Bh3 Rc7 20. f4 Nd7 21. Ne4 Bd4+ 22. Kh1 Bb7 23. Bxd4 cxd4 24. Qd3 Qxd5 25. Bg2 Nc5 26. Qh3 Nxe4 27. f5 Ng5 0-1

[Event "12th National Amateur Chess-ch 2025"]
[Site "Bihar"]
[Date "2025.03.29"]
[Round "8.17"]
[White "Maya Ameen"]
[Black "Kashvy Sabharwal"]
[Result "1/2-1/2"]
[Annotator "NA RC"]
[ECO "C10"]
[WhiteElo "1635"]
[BlackElo "1640"]
[PlyCount "105"]
[EventDate "2025.03.25"]
[EventCountry "IND"]
[SourceTitle "playchess.com"]
[Source "ChessBase"]
[SourceQuality "1"]
[TimeControl "5400+30"]

1. e4 e6 2. d4 d5 3. Nc3 Be7 4. Bd3 c5 5. dxc5 Nf6 6. exd5 exd5 7. Nf3 O-O 8. Be3 Nbd7 9. O-O Nxc5 10. Be2 Re8 11. Bd4 Nce4 12. Bb5 Rf8 13. Re1 Bg4 14. h3 Bh5 15. g4 Nxc3 16. Bxc3 Bg6 17. Bd3 Be4 18. Bxe4 Nxe4 19. Bd4 Qc7 20. Be5 Qb6 21. Bd4 Qh6 22. Kg2 Rfd8 23. Qc1 Qd6 24. Nd2 Nxd2 25. Qxd2 Bf6 26. Rad1 Rac8 27. c3 h6 28. Bxf6 Qxf6 29. Qd4 Qa6 30. a3 Rc4 31. Qd3 Qc6 32. f3 Qb6 33. Rd2 Qf6 34. Qe3 Rf4 35. Red1 Rd6 36. Rxd5 Re6 37. Qd3 g6 38. Rd2 Re5 39. Rxe5 Qxe5 40. Re2 Qf6 41. Re4 Rxe4 42. Qxe4 Qb6 43. Qe8+ Kg7 44. Qe5+ Kg8 45. Qe2 Qb3 46. Kf2 Qb6+ 47. Kg2 Qb3 48. Qd2 Kh7 49. Kg3 Qb6 50. f4 Qg1+ 51. Kf3 Qf1+ 52. Kg3 Qg1+ 53. Kh4 1/2-1/2

[Event "12th National Amateur Chess-ch 2025"]
[Site "Bihar"]
[Date "2025.03.29"]
[Round "8.18"]
[White "Aayusree Sarkar"]
[Black "Silarapu Devi Dedipyasri"]
[Result "1-0"]
[Annotator "NA RC"]
[ECO "C01"]
[WhiteElo "1677"]
[BlackElo "1587"]
[PlyCount "57"]
[EventDate "2025.03.25"]
[EventCountry "IND"]
[SourceTitle "playchess.com"]
[Source "ChessBase"]
[SourceQuality "1"]
[TimeControl "5400+30"]

1. e4 e6 2. d4 d5 3. exd5 exd5 4. Nc3 Nf6 5. Bg5 c6 6. Qd2 h6 7. Bf4 Bd6 8. O-O-O Qc7 9. Re1+ Be6 10. Bxd6 Qxd6 11. f4 O-O 12. Bd3 b5 13. f5 Bd7 14. Nf3 a5 15. g4 a4 16. g5 Nh5 17. Ne5 hxg5 18. Qxg5 Qh6 19. Qxh6 gxh6 20. Rhg1+ Kh8 21. Ref1 Nf6 22. Rf4 b4 23. Ne2 b3 24. a3 Kh7 25. Ng4 Nh5 26. f6+ Kh8 27. Nxh6 Na6 28. Rg8+ Rxg8 29. Nxf7# 1-0